 Dungeon Crawl Stone Soup version 0.17-a0-1411-g06ff558 (webtiles) character file.

14 tinkerttoy the Digger (level 2, -8/15 HPs)
             Began as a Gargoyle Earth Elementalist on June 23, 2015.
             Killed from afar by Sigmund (10 damage)
             ... with a puff of flame
             ... on level 2 of the Dungeon.
             The game lasted 00:01:35 (904 turns).

tinkerttoy the Digger (Gargoyle Earth Elementalist)  Turns: 904, Time: 00:01:35

Health: -8/15      AC:  4    Str: 11    XL:     2   Next: 41%
Magic:  2/5        EV: 12    Int: 15    God:
Gold:   64         SH:  0    Dex: 10    Spells: 1 memorised, 4 levels left

rFire  . . .     SeeInvis .     b - 41 stones
rCold  . . .     Clarity  .     e - +0 robe
rNeg   + . .     SustAt   .     (no shield)
rPois  ∞         Gourm    .     (no helmet)
rElec  +         Spirit   .     (no cloak)
rCorr  .         Warding  .     (no gloves)
rMut   .         Stasis   .     (no boots)
MR     .....                    (no amulet)
Stlth  ++........               (no ring)
                                (no ring)

@: not resistant to hostile enchantments, unstealthy
A: negative energy resistance 1, electricity resistance, unbreathing,
petrification resistance, rot immunity, AC +2
a: no special abilities


You were on level 2 of the Dungeon.
You were not hungry.

You visited 1 branch of the dungeon, and saw 2 of its levels.

You collected 64 gold pieces.

Inventory:

Hand weapons
 a - a +0 mace
Missiles
 b - 41 stones (in hand)
Armour
 e - a +0 robe (worn)
Jewellery
 i - an uncursed ring of positive energy {unknown}
Scrolls
 f - 3 scrolls of fear {unknown}
 g - 3 scrolls of fog {unknown}
 h - a scroll of noise {unknown}
 l - 2 scrolls of remove curse {unknown}
Potions
 k - a potion of agility {unknown}
 m - a potion of lignification {unknown}
 o - a potion of might {unknown}
Books
 c - a book of Geomancy

   Spells                             Type                      Level
   a - Sandblast                      Earth                        1
   b - Stoneskin                      Transmutation/Earth          2
   c - Passwall                       Transmutation/Earth          3
   d - Stone Arrow                    Conjuration/Earth            3
   e - Petrify                        Transmutation/Earth          4
   f - Lee's Rapid Deconstruction     Earth                        5
Comestibles
 d - a bread ration
 j - a meat ration
 n - a chunk of flesh


   Skills:
 + Level 1.8 Dodging
 - Level 2.3 Stealth
 + Level 2.2 Spellcasting
   Level 0.7 Transmutations
 * Level 3.9 Earth Magic


You had 4 spell levels left.
You knew the following spells:

 Your Spells              Type           Power        Failure   Level  Hunger
a - Sandblast             Erth           ##....       6%          1    #......


Dungeon Overview and Level Annotations

Branches:
Dungeon (2/15)

Altars:

Annotations:
D:2 Sigmund


Innate Abilities, Weirdness & Mutations

You are resistant to torment.
Your stone body is resilient (AC +2).
You are immune to poison.
You resist negative energy.
You are resistant to electric shocks.
You can survive without breathing.
You are immune to petrification.
You are immune to rotting.


Message History

Confirm with . or Enter, or press ? or * to list all spells.
Aiming: Sandblast
Press: ? - help, Shift-Dir - straight line, f - you The rocky blast hits something.
Casting: Sandblast
Confirm with . or Enter, or press ? or * to list all spells.
Aiming: Sandblast
Press: ? - help, Shift-Dir - straight line, f - you The rocky blast hits something.
Something hits you.
* * * LOW HITPOINT WARNING * * *
Casting: Sandblast
Confirm with . or Enter, or press ? or * to list all spells.
Aiming: Sandblast
Press: ? - help, Shift-Dir - straight line, f - you The rocky blast hits something.
You hear some strange, mumbled words.
A puff of flame appears from out of thin air!
The puff of flame hits you!
Ouch! That really hurt!
You die...

....#. .#
.....#.#.#
###...#+#...#
#........#..# #.#
#.#.#....#..# #.#
#.# # .#..# #.#
#{# # #..# #.#
#.#.#.####..# #.#
#@#......<..# #.#
#.#..>.....####.#
#.#..#.......##.##
#.#........#......
#.##.#.###.#..#.##
#.#......#.#..#.#
#.##.#...#.####.#
#.####..........##
#.# #..##.#......


There were no monsters in sight!

Vanquished Creatures
  An ooze (D:1)
  2 bats (D:1)
  A goblin (D:1)
  3 giant newts (D:1)
  A jackal (D:2)
  2 kobolds (D:1)
  A rat (D:1)
11 creatures vanquished.

Notes
Turn   | Place    | Note
--------------------------------------------------------------
     0 | D:1      | tinkerttoy the Gargoyle Earth Elementalist began the quest for the Orb.
     0 | D:1      | Reached XP level 1. HP: 10/10 MP: 3/3
   378 | D:1      | Reached XP level 2. HP: 15/15 MP: 5/5
   889 | D:2      | Noticed Sigmund
   904 | D:2      | Killed from afar by Sigmund

Vault maps used:
D:1:      wheals_arrival_linesprint
D:2:      uniq_sigmund

Action                   || total
-------------------------++-------
Melee: Mace              ||    41
 Cast: Sandblast         ||     3
 Stab: Sleeping          ||     1
